 Dungeon Crawl Stone Soup version 0.31.0-32-g396128a36d (webtiles) character file.

Game seed: 9844130707234621059

714 panicmichael the Magician (level 7, 0/32 HPs)
             Began as a Spriggan Alchemist on Apr 12, 2024.
             Was an Initiate of Ashenzari.
             Slain by a two-headed ogre
             ... wielding a +0 giant spiked club
              (20 damage)
             ... on level 6 of the Dungeon.
             The game lasted 00:10:03 (6192 turns).

panicmichael the Magician (Spriggan Alchemist)      Turns: 6192, Time: 00:10:04

Health: 0/32       AC:  2    Str:  4    XL:     7   Next: 41%
Magic:  14/16      EV: 18    Int: 18    God:    Ashenzari [......]
Gold:   365        SH:  0    Dex: 16    Spells: 3/17 levels left

rFire   . . .        g - +2 dagger (spect)
rCold   . . .        (no shield)
rNeg    . . .        c - +0 robe {Will+}
rPois   .            (helmet restricted)
rElec   .            (no cloak)
rCorr   .            (gloves unavailable)
SInv    +            (boots unavailable)
Will    ++...        (no amulet)
Stlth   +++          (no ring)
HPRegen 0.25/turn    (no ring)
MPRegen 0.15/turn

%: no passive effects
@: very quick
A: very small, no large weapons, unfitting armour, see invisible, speed 3
a: Renounce Religion


You were on level 6 of the Dungeon.
You worshipped Ashenzari.
Ashenzari was noncommittal.
You visited 2 branches of the dungeon, and saw 7 of its levels.

You collected 365 gold pieces.

Inventory:

Hand Weapons
 d - a +0 dagger
 g - a +2 spectral dagger (weapon)
Missiles
 q - a throwing net
Armour
 a - a +0 robe
 c - a +0 robe of willpower (worn)
Wands
 r - a wand of polymorph (21)
Scrolls
 e - a scroll of acquirement {unknown}
 h - a scroll of noise
 k - a scroll of poison
 m - a scroll of fear
Potions
 b - a potion of magic
 f - 2 potions of heal wounds
 i - a potion of might {unknown}
 j - a potion of enlightenment {unknown}
 l - 3 potions of curing
 n - a potion of berserk rage {unknown}
 o - a potion of lignification {unknown}


   Skills:
 + Level 0.6 Fighting
 + Level 1.2 Short Blades
 + Level 3.6 Dodging
 + Level 4.2 Stealth
 - Level 0.1 Unarmed Combat
 + Level 5.5 Spellcasting
 - Level 3.0 Conjurations
 * Level 1.3 Fire Magic
 * Level 2.1 Air Magic
 + Level 4.9 Alchemy


You had 3 spell levels left.
You knew the following spells:

 Your Spells              Type           Power      Damage    Failure   Level
a - Sting                 Conj/Alch      76%        1d7       2%          1
b - Mercury Vapours       Alch/Air       34%        N/A       4%          2
c - Mephitic Cloud        Conj/Alch/Air  17%        N/A       10%         3
d - Olgreb's Toxic Radia  Alch           22%        N/A       17%         4
e - Sticky Flame          Fire/Alch      16%        2d5       34%         4

Your spell library contained the following spells:

 Spells                   Type           Power      Damage    Failure   Level
 Magic Dart               Conj           60%        1d6       3%          1
 Blink                    Tloc           10%        N/A       19%         2
 Call Imp                 Summ           10%        N/A       19%         2
 Jinxbite                 Hex            10%        N/A       19%         2
 Gell's Gravitas          Tloc           5%         N/A       36%         3
 Teleport Other           Tloc           5%         N/A       36%         3
 Yara's Violent Unravell  Hex/Alch       6%         3d5       77%         5
 Dispersal                Tloc           2%         N/A       100%        6
 Enfeeble                 Hex            2%         N/A       100%        7


Dungeon Overview and Level Annotations

Branches:
Dungeon (6/15)             Temple (1/1) D:4

Altars:
Ashenzari
Elyvilon
Gozag
Hepliaklqana
Kikubaaqudgha
Qazlal
Ru
Sif Muna
Vehumet
Xom
Yredelemnul
The Shining One

Shops:
D:5 [(=(

Annotations:
D:5 3 runed translucent doors, asasucksnuts's ghost, amateur MiMo


Innate Abilities, Weirdness & Mutations

You are very small and have problems with some larger weapons.
You are too small for most types of armour.
You have supernaturally acute eyesight. (SInv)
You cover ground extremely quickly. (Speed+++)


Message History

HP restored.
You now have 365 gold pieces (gained 7).
Found a stone staircase leading down.
A bullfrog comes into view.
A bullfrog is nearby!
A bullfrog is nearby!
You can't see any susceptible monsters within range! (Use Z to cast anyway.)
You can't see any susceptible monsters within range! (Use Z to cast anyway.)
The sting hits the bullfrog.
The bullfrog is poisoned.
The bullfrog is moderately wounded.
The bullfrog barely misses you.
The sting hits the bullfrog!
The bullfrog looks even sicker.
The bullfrog is heavily wounded.
The bullfrog closely misses you. The bullfrog hits you.
The sting hits the bullfrog.
The bullfrog looks even sicker.
The bullfrog is almost dead.
The bullfrog closely misses you.
The sting misses the bullfrog.
The bullfrog hits you. The bullfrog closely misses you.
You miss the bullfrog.
The bullfrog is almost dead.
Your +2 spectral dagger hits the bullfrog.
You kill the bullfrog!
No target in view!
No target in view!
Your +2 spectral dagger disappears.
A two-headed ogre comes into view.
It is wielding a +0 giant spiked club and a +0 giant club.
A two-headed ogre is nearby!
A two-headed ogre is nearby!
A two-headed ogre is nearby!
A two-headed ogre is nearby!
A scorpion comes into view.
The sting hits the two-headed ogre.
The two-headed ogre is poisoned.
The two-headed ogre is lightly wounded.
The sting hits the two-headed ogre.
The two-headed ogre looks even sicker.
The two-headed ogre is lightly wounded.
The two-headed ogre hits you with a +0 giant spiked club!
The two-headed ogre hits you with a +0 giant club!!
Ouch! That really hurt!
You die...

......# ######...####.
.#.#..####..........>..
.......................
.......##..............
.......##.#####...####.
.......##.# #........
......###.# #...#####
..........# #...#
#...####### #.@.# ##.##
##O## #.# #.# #.# ...
.. ... ..... ..s..
##...##


You could see a two-headed ogre (very poisoned) and a scorpion.

Vanquished Creatures
  A water moccasin (D:5)
  3 phantoms (D:5)
  A bullfrog (D:6)
  3 hounds
  Terence (D:3)
  An iguana (D:4)
  4 gnolls (D:3)
  6 adders
  A white imp (D:6)
  2 ufetubi (D:5)
  2 dart slugs
  A ribbon worm (D:2)
  2 orcs
  4 ball pythons
  3 bats
  5 endoplasms
  2 giant cockroaches
  10 goblins
  10 hobgoblins
  5 quokkas
  6 frilled lizards
  4 kobolds
  5 rats
82 creatures vanquished.

Notes
Turn   | Place    | Note
-------+----------+-------------------------------------------
     0 | D:1      | panicmichael the Spriggan Alchemist began the quest for the
                  | Orb.
     0 | D:1      | Reached XP level 1. HP: 9/9 MP: 5/5
   278 | D:1      | Reached XP level 2. HP: 13/13 MP: 4/6
   606 | D:1      | Reached skill level 1 in Conjurations
   810 | D:1      | Reached skill level 3 in Spellcasting
  1009 | D:1      | Reached XP level 3. HP: 16/16 MP: 4/8
  2384 | D:3      | Reached XP level 4. HP: 10/21 MP: 5/10
  2745 | D:3      | Reached skill level 4 in Spellcasting
  2745 | D:3      | Reached XP level 5. HP: 14/24 MP: 5/12
  3077 | D:3      | Noticed Terence
  3088 | D:3      | Killed Terence
  3695 | D:4      | Found a staircase to the Ecumenical Temple.
  4327 | Temple   | Entered the Ecumenical Temple
  4434 | D:5      | Entered Level 5 of the Dungeon
  4460 | D:5      | Found a broken altar of Ashenzari.
  4532 | D:5      | Reached XP level 6. HP: 26/28 MP: 10/14
  4592 | D:5      | Found Carorami's Weapon Emporium.
  4593 | D:5      | Found Ofeschat's Weapon Boutique.
  4604 | D:5      | Reached skill level 5 in Spellcasting
  4671 | D:5      | Found an opulent altar of Gozag.
  4793 | D:5      | Became a worshipper of Ashenzari the Shackled
  4797 | D:5      | Found a runed translucent gate.
  4797 | D:5      | Found a runed translucent gate.
  4798 | D:5      | Found a runed translucent gate.
  5237 | D:4      | Learned a level 2 spell: Mercury Vapours
  5241 | D:4      | Learned a level 3 spell: Mephitic Cloud
  5246 | D:4      | Learned a level 4 spell: Olgreb's Toxic Radiance
  5251 | D:4      | Learned a level 4 spell: Sticky Flame
  5275 | D:5      | Found a stormy altar of Qazlal.
  5307 | D:5      | Noticed asasucksnuts's ghost (amateur MiMo)
  5446 | D:5      | Found Zeylu's Jewellery Shoppe.
  5454 | D:5      | Noticed a water moccasin
  5456 | D:5      | Found Emyumaur's Armour Shop.
  5466 | D:5      | Killed a water moccasin
  5467 | D:5      | Reached skill level 1 in Air Magic
  5661 | D:5      | Reached skill level 1 in Fire Magic
  5661 | D:5      | Reached XP level 7. HP: 17/32 MP: 10/16
  6054 | D:5      | Reached skill level 1 in Short Blades
  6189 | D:6      | Noticed a two-headed ogre
  6192 | D:6      | Slain by a two-headed ogre

Illustrated notes

Levels and vault maps discovered:
D:1:      shiori_arrival_oz, layout_loops_ring, minmay_indecisive_spiral
D:2:      layout_basic
D:3:      layout_basic, uniq_terence
D:4:      layout_loops_cross, minmay_temple_entry_antechambers
D:5:      layout_rooms, mainiacjoe_overflow_surrounded_room, lemuel_tele_altar,
          lemuel_round_altar, serial_shops, shop_coins, nicolae_take_the_stairs,
          shop, shop, ebering_ghost_rock_garden
D:6:      layout_loops_cross, mainiacjoe_overflow_brackets,
          chequers_serial_rivers_room_a, chequers_serial_rivers_micro_b
Temple:   nicolae_temple_bog_church

Skill      XL: |  1  2  3  4  5  6  7 |
---------------+----------------------+-----
Dodging        | 3 |  3.6
Conjurations   | 1 2 3 |  3.0
Spellcasting   | 3 4 5 |  5.5
Alchemy        | 4 |  4.9
Air Magic      | 1 2 |  2.1
Stealth        | 4 |  4.2
Fire Magic     | 1 |  1.3
Short Blades   | 1 |  1.2
Fighting       | |  0.6
Unarmed Combat | |  0.1

Action                     |  1- 3 |  4- 6 |  7- 9 || total
---------------------------+-------+-------+-------++-------
  Melee: Unarmed           |     9 |       |       ||     9
         Dagger            |     8 |    40 |    12 ||    60
         Punch             |       |     2 |       ||     2
   Cast: Sting             |   100 |   100 |    15 ||   215
         Mercury Vapours   |       |     5 |     1 ||     6
    Use: Scroll            |     2 |    10 |       ||    12
         Potion            |       |     1 |       ||     1
   Stab: Sleeping          |       |     2 |       ||     2
 Armour: Robe              |    14 |    27 |     7 ||    48
  Dodge: Dodged            |    52 |    57 |    15 ||   124
